 Dungeon Crawl Stone Soup version 0.30-a0-722-g3e6e8c874d (webtiles) character file.

Game seed: 3287041094895016010

16 testman the Vexing (level 2, -4/23 HPs)
             Began as a Gnoll Hexslinger on Jan 27, 2023.
             Slain by Sigmund
             ... wielding a +0 scythe
              (8 damage)
             ... on level 2 of the Dungeon.
             The game lasted 00:01:36 (453 turns).

testman the Vexing (Gnoll Hexslinger)                Turns: 453, Time: 00:01:37

Health: -4/23      AC:  3    Str:  9    XL:     2   Next: 58%
Magic:  14/14      EV: 10    Int: 12    God:
Gold:   72         SH:  0    Dex: 12    Spells: 5/6 levels left

rFire   . . .      SeeInvis .    d - +0 dagger
rCold   . . .      Faith    .    (no shield)
rNeg    . . .      Spirit   .    c - +0 robe
rPois   .          Reflect  .    (no helmet)
rElec   .          Harm     .    (no cloak)
rCorr   .          Rampage  .    g - +0 pair of gloves
Will    .....                    (no boots)
Stlth   +                        (no amulet)
HPRegen 0.23/turn                e - ring of magical power
MPRegen 0.14/turn                (no ring)

@: constricted
A: fangs 1, strong nose, distributed training
a: no special abilities


You were on level 2 of the Dungeon.
You visited 1 branch of the dungeon, and saw 2 of its levels.

You collected 72 gold pieces.

Inventory:

Hand Weapons
 a - a +1 sling
 d - a +0 dagger (weapon)
Armour
 c - a +0 robe (worn)
 g - a +0 pair of gloves (worn)
Jewellery
 e - a ring of magical power (left hand)
Scrolls
 b - 2 scrolls of poison
 h - a scroll of enchant armour {unknown}
Potions
 f - a potion of brilliance {unknown}


   Skills:
 + Level 2.5 Fighting
 + Level 0.5 Short Blades
 + Level 0.5 Long Blades
 + Level 0.5 Axes
 + Level 0.5 Maces & Flails
 + Level 0.5 Polearms
 + Level 0.5 Staves
 + Level 4.5 Ranged Weapons
 + Level 0.5 Throwing
 + Level 0.5 Armour
 + Level 4.5 Dodging
 + Level 0.5 Stealth
 + Level 0.5 Shields
 + Level 0.5 Unarmed Combat
 + Level 2.7 Spellcasting
 + Level 0.3 Conjurations
 + Level 5.3 Hexes
 + Level 0.3 Summonings
 + Level 0.3 Necromancy
 + Level 0.3 Translocations
 + Level 0.3 Transmutations
 + Level 0.3 Fire Magic
 + Level 0.3 Ice Magic
 + Level 0.3 Air Magic
 + Level 0.3 Earth Magic
 + Level 0.3 Poison Magic
 + Level 0.6 Invocations
 + Level 0.5 Evocations


You had 5 spell levels left.
You knew the following spells:

 Your Spells              Type           Power      Damage    Failure   Level
a - Slow                  Hex            56%        N/A       2%          1

Your spell library contained the following spells:

 Spells                   Type           Power      Damage    Failure   Level
 Inner Flame              Hex/Fire       8%         N/A       24%         3
 Portal Projectile        Hex/Tloc       16%        N/A       24%         3
 Cause Fear               Hex            7%         N/A       26%         4


Dungeon Overview and Level Annotations

Branches:
Dungeon (1/15)

Altars:

Annotations:
D:2 Sigmund


Innate Abilities, Weirdness & Mutations

You have very sharp teeth.
Your uncanny sense of smell can sniff out nearby items.
Your experience applies equally to all skills.


Message History

No target in view!
Found 14 gold pieces.
Things that are here:
a +0 dagger of distortion; a goblin corpse
h - a scroll labelled WEIQAG NUGEITO You now have 72 gold pieces (gained 14).
Sigmund the Dreaded comes into view.
He is wielding a +0 scythe.
Found 6 gold pieces.
Aiming: Slow (safe; 2% risk of failure)
Press: ? - help, Q - select action, (/) - cycle Shift-Dir - straight line, f - Sigmund
Aim: Sigmund, wielding a +0 scythe and wearing a +0 robe (chance to affect: 56%) Sigmund resists with significant effort.
Sigmund gestures at you while chanting.
You are confused.
Sigmund points at you and mumbles some strange words.
The magic dart hits you.
You're too confused to move!
A ball python comes into view.
You're too confused to move!
Sigmund points at you and mumbles some strange words.
You are more confused.
You bump into the rock wall.
Sigmund laughs darkly.
Sigmund gestures at you while chanting. The puff of flame hits you!
Sigmund closely misses you.
You bump into the rock wall.
The ball python barely misses you. The ball python grabs you.
The ball python constricts you.
You bump into the rock wall.
You feel less confused. The ball python barely misses you.
The ball python constricts you.
Sigmund hits you from afar with a +0 scythe!
* * * LOW HITPOINT WARNING * * *
d - a +0 dagger (weapon)
The ball python bites you but does no damage.
The ball python constricts you.
You hit the ball python.
The ball python is severely wounded.
Sigmund hits you from afar with a +0 scythe!
You die...

####.. ##..$.. ∆
....... ......[
....... #######
.....##
####...#######.@.#
.###...###...###S##
.###...###....##@.#
.##)....##..#..##.#
.#...#...#..##..#.#
....###....###..#.#
....###....###..#.#
#...###...####..#.#
##############....#
##...# ##..#


You could see Sigmund and a ball python.

Vanquished Creatures
  A dart slug (D:1)
  A ball python (D:1)
  4 endoplasms (D:1)
  A giant cockroach (D:1)
  3 goblins
  A hobgoblin (D:1)
11 creatures vanquished.

Notes
Turn   | Place    | Note
-------+----------+-------------------------------------------
     0 | D:1      | testman the Gnoll Hexslinger began the quest for the Orb.
     0 | D:1      | Reached XP level 1. HP: 17/17 MP: 4/4
   191 | D:1      | Reached XP level 2. HP: 23/23 MP: 5/5
   398 | D:1      | You fall into a shaft and drop 1 floor!
   440 | D:2      | Noticed Sigmund
   453 | D:2      | Slain by Sigmund

Illustrated notes

Levels and vault maps discovered:
D:1:      dpeg_arrival_radiant, layout_rooms, serial_corexii_hall,
          corexii_hall_statues_x, corexii_hall_statues_x
D:2:      layout_basic, serial_shops, shop, hangedman_glass_teeth, hex_tiny,
          uniq_crazy_yiuf_cottage, uniq_sigmund, uniq_robin

Action                     || total
---------------------------++-------
  Melee: Dagger            ||     1
   Fire: Sling             ||    29
   Cast: Slow              ||     1
 Armour: Robe              ||     5
  Dodge: Dodged            ||     6

Table legend: (Time is in decaauts)
 A = Elapsed time spent in this place.
 B = Non-inter-level travel time spent in this place.
 C = Inter-level travel time spent in this place.
 D = Time resting spent in this place.
 E = Time spent auto-exploring this place.
 F = Levels seen in this place.
 G = Mean time per level.
                   A        B        C        D        E       F      G
               +--------+--------+--------+--------+--------+-----+--------+
         Total |    456 |    449 |      7 |      0 |    374 |   2 |  228.0 |
       Dungeon |    456 |    449 |      7 |      0 |    374 |   2 |  228.0 |
               +--------+--------+--------+--------+--------+-----+--------+

Top non-repeatable levels by time:
     D:1: 402 daAuts
     D:2: 54 daAuts
